 Dungeon Crawl Stone Soup version 0.28.0 (webtiles) character file.

Game seed: 465443369828084759

532 themarg the Caller (level 7, -4/48 HPs)
             Began as a Merfolk Summoner on Feb 14, 2022.
             Slain by an ogre (18 damage)
             ... on level 4 of the Dungeon.
             The game lasted 00:22:02 (5640 turns).

themarg the Caller (Merfolk Summoner)               Turns: 5640, Time: 00:22:02

Health: -4/48      AC:  3    Str:  8    XL:     7   Next: 24%
Magic:  2/13       EV: 13    Int: 16    God:
Gold:   83         SH:  0    Dex: 15    Spells: 7/14 levels left

rFire   . . .      SeeInvis .   b - +0 short sword (drain)
rCold   . . .      Faith    .   (no shield)
rNeg    . . .      Spirit   .   a - +0 robe
rPois   .          Reflect  .   (no helmet)
rElec   .          Harm     .   (no cloak)
rCorr   .          Rampage  .   l - +0 pair of gloves
Will    .....                   (no boots)
Stlth   ++........              (no amulet)
HPRegen 0.16/turn               (no ring)
MPRegen 0.13/turn               (no ring)

@: very slightly contaminated
A: (nimble swimmer 2), mertail
a: no special abilities


You were on level 4 of the Dungeon.
You visited 1 branch of the dungeon, and saw 5 of its levels.

You collected 83 gold pieces.

Inventory:

Hand Weapons
 b - a +0 short sword of draining (weapon)
Missiles
 n - 61 stones (quivered)
Armour
 a - a +0 robe (worn)
 l - a +0 pair of gloves (worn)
Jewellery
 e - an amulet of the acrobat
Wands
 s - a wand of flame (14)
Scrolls
 i - a scroll of magic mapping {unknown}
 j - a scroll of immolation {unknown}
 k - a scroll of noise
 p - 2 scrolls of teleportation {unknown}
 r - a scroll of fear {unknown}
Potions
 c - 2 potions of attraction
 d - a potion of heal wounds {unknown}
 f - a potion of resistance
 g - a potion of ambrosia {unknown}
 h - a potion of flight {unknown}
 m - a potion of degeneration {unknown}
 o - a potion of invisibility {unknown}
 q - 2 potions of curing


   Skills:
 + Level 1.5 Fighting
 + Level 3.4 Short Blades
 + Level 3.5 Dodging
 + Level 3.7 Stealth
 + Level 4.2 Spellcasting
 + Level 5.6 Summonings


You had 7 spell levels left.
You knew the following spells:

 Your Spells              Type           Power      Damage    Failure   Level
a - Summon Small Mammal   Summ           84%        N/A       1%          1
b - Call Canine Familiar  Summ           21%        N/A       4%          3
c - Summon Guardian Gole  Hex/Summ       12%        N/A       16%         3

Your spell library contained the following spells:

 Spells                   Type           Power      Damage    Failure   Level
 Call Imp                 Summ           21%        N/A       2%          2
 Ensorcelled Hibernation  Hex/Ice        6%         N/A       26%         2
 Spider Form              Tmut/Pois      3%         N/A       45%         3
 Summon Lightning Spire   Summ/Air       12%        N/A       45%         4
 Anguish                  Hex/Necr       1%         N/A       86%         4


Dungeon Overview and Level Annotations

Branches:
Dungeon (5/15)
 Temple: D:4-7

Altars:
Dithmenos
Qazlal
Ru

Shops:
D:3 [[[

Annotations:
D:4 1 runed translucent door, Crazy Yiuf


Innate Abilities, Weirdness & Mutations

((You are very nimble when in or above water. (Stealth+, EV+, Speed+++)))
Your lower body shifts to a powerful aquatic tail in water.


Message History

Casting: Summon Guardian Golem (dangerous; 16% risk of failure)
Confirm with . or Enter, or press ? or * to list all spells.
You miscast Summon Guardian Golem.
Nothing appears to happen.
Casting: Summon Guardian Golem (dangerous; 16% risk of failure)
Confirm with . or Enter, or press ? or * to list all spells.
You miscast Summon Guardian Golem.
Nothing appears to happen.
There is a stone staircase leading up here.
You climb upwards.
Level annotation: 1 runed translucent door, Crazy Yiuf Your magical contamination has completely faded away.
There is a stone staircase leading down here.
You climb downwards.
There is a stone staircase leading up here.
The ogre hits you with a +0 giant spiked club!
You climb upwards.
Level annotation: 1 runed translucent door, Crazy Yiuf
There is a stone staircase leading down here.
You hit the ogre but do no damage. You drain the ogre.
The ogre is lightly wounded.
The ogre closely misses you.
You hit the ogre. You drain the ogre.
The ogre is moderately wounded.
You hit the ogre. You drain the ogre.
The ogre is heavily wounded.
The ogre misses you.
You hit the ogre. You drain the ogre.
The ogre is severely wounded.
The ogre hits you with a +0 giant spiked club!!
* * * LOW HITPOINT WARNING * * *
Casting: Summon Guardian Golem (dangerous; 16% risk of failure)
Confirm with . or Enter, or press ? or * to list all spells.
You miscast Call Canine Familiar.
You are very lightly contaminated with residual magic.
Nothing appears to happen.
The ogre hits you but does no damage.
Casting: Call Canine Familiar (dangerous; 4% risk of failure)
Confirm with . or Enter, or press ? or * to list all spells.
You hit the ogre but do no damage. You drain the ogre.
The ogre is almost dead.
The ogre hits you with a +0 giant spiked club!!
You die...

.................###'###..##..##.
#..###..##.......##..############
#..###..##..##...##........#
........##..##...##........#
........##..##.............#
..............)..##...###.####
............##..h########'##.##
#.###...##.)##...##...........#
#######'##.)##..@.)...<.......#
...'.......<#..O[.....[.......#
..)#........#.................#
#.###..###.###.######..##.##.##
#.###..#######.######..##.#≈##
...........#........#.....≈≈#
...........#........#......≈#
..[........#........#≈≈≈...##
...........#.......≈≈≈)....#


You could see an ogre (drained, ally target) and a friendly hound (summoned).

Vanquished Creatures
  An ogre (D:4)
  A hound (D:2)
  An orc wizard (D:4)
  3 adders
  3 worms (D:3)
  5 orcs
  4 bats
  6 endoplasms
  3 giant cockroaches (D:2)
  2 goblins
  7 hobgoblins
  3 jackals (D:1)
  2 ball pythons (D:2)
  3 frilled lizards
  3 kobolds
  2 rats
49 creatures vanquished.

Vanquished Creatures (collateral kills)
  A necrophage (D:4)
  A water moccasin skeleton (D:4)
  An orc priest (D:4)
  A hound (D:3)
  An orc wizard (D:3)
  A hound skeleton (D:4)
  A howler monkey skeleton (D:4)
  3 adders
  2 worms (D:2)
  A dart slug (D:1)
  4 orcs
  2 ball pythons
  2 bats
  3 endoplasms
  2 giant cockroaches
  4 goblins
  2 hobgoblins (D:2)
  A quokka (D:3)
  2 frilled lizards (D:1)
  3 kobolds
  A rat (D:2)
39 creatures vanquished.

Vanquished Creatures (others)
  2 plants (D:2)
2 creatures vanquished.

Grand Total: 90 creatures vanquished

Notes
Turn   | Place    | Note
-------+----------+-------------------------------------------
     0 | D:1      | themarg the Merfolk Summoner began the quest for the Orb.
     0 | D:1      | Reached XP level 1. HP: 13/13 MP: 3/3
   411 | D:1      | Reached XP level 2. HP: 19/19 MP: 1/5
   782 | D:1      | Found a faded altar of an unknown god.
  1086 | D:1      | Reached XP level 3. HP: 17/24 MP: 6/6
  1270 | D:2      | Learned a level 3 spell: Call Canine Familiar
  1821 | D:2      | Reached skill level 1 in Short Blades
  1821 | D:2      | Reached XP level 4. HP: 17/30 MP: 6/8
  2575 | D:3      | Found a sacrificial altar of Ru.
  2600 | D:3      | Reached XP level 5. HP: 35/35 MP: 2/10
  2831 | D:3      | Found Wyheypon's Antique Armour Shoppe.
  3152 | D:3      | Found a shadowy altar of Dithmenos.
  3655 | D:3      | Found Sehaekei's Armour Shop.
  3751 | D:3      | Found Iggayd's Antique Armour Shop.
  3891 | D:3      | Found Nipish's Jewellery Shop.
  3918 | D:3      | Reached skill level 1 in Fighting
  4185 | D:4      | Noticed a necrophage
  4187 | D:4      | Reached skill level 5 in Summonings
  4187 | D:4      | Reached XP level 6. HP: 43/43 MP: 5/11
  4201 | D:4      | Killed a necrophage
  4757 | D:4      | Learned a level 3 spell: Summon Guardian Golem
  4778 | D:4      | Reached XP level 7. HP: 48/48 MP: 7/13
  4883 | D:4      | Found a runed translucent door.
  4884 | D:4      | Noticed Crazy Yiuf
  5586 | D:5      | Entered Level 5 of the Dungeon
  5592 | D:5      | Found a stormy altar of Qazlal.
  5640 | D:4      | Slain by an ogre

Illustrated notes

Levels and vault maps discovered:
D:1:      minmay_arrival_stair_chambers, layout_basic,
          chequers_ecumenical_altar_twisty, serial_forest,
          infiniplex_forest_straight_4, infiniplex_forest_straight_2,
          infiniplex_forest_lined_room_3, infiniplex_forest_clump_curved,
          infiniplex_forest_clump_medium
D:2:      layout_basic, st_stairs_2, serial_bayou_pond_d
D:3:      layout_basic, lemuel_coloured_pillars_altar,
          nicolae_ru_great_annihilating_truth, lemuel_tele_altar, serial_shops,
          nicolae_shop_hallway_plus, nicolae_shop_competitors_out_of_business,
          nicolae_shop_temple_entry_statues_fountains, nicolae_shop_statue_plus
D:4:      layout_gridville, chequers_serial_rivers_small_b,
          uniq_crazy_yiuf_cottage
D:5:      layout_layer_cave, mainiacjoe_overflow_boulevard,
          minmay_temple_entry_drinking_statues

Skill      XL: |  1  2  3  4  5  6 |
---------------+-------------------+-----
Short Blades   | 1 2 3 |  3.4
Spellcasting   | 3 4 |  4.2
Stealth        | 3 |  3.7
Dodging        | 3 |  3.5
Fighting       | 1 |  1.5
Summonings     | 5 |  5.6

Action                   |  1- 3 |  4- 6 |  7- 9 || total
-------------------------+-------+-------+-------++-------
Melee: Unarmed           |     1 |       |       ||     1
       Short sword       |    47 |   102 |    25 ||   174
       Punch             |       |     1 |     1 ||     2
       Tailslap          |       |       |     1 ||     1
Throw: Stone             |       |       |     1 ||     1
 Cast: Summon Small Mamm |    38 |    17 |       ||    55
       Call Canine Famil |       |    15 |     4 ||    19
       Summon Guardian G |       |       |     3 ||     3
  Use: Scroll            |       |     2 |       ||     2
       Potion            |       |     1 |     1 ||     2
 Stab: Sleeping          |     2 |     2 |       ||     4
       Distracted        |     1 |     1 |       ||     2
Armor: Robe              |     8 |     9 |     1 ||    18
Dodge: Dodged            |    30 |    66 |    10 ||   106
